cohdb
Replays
Latest Replays
All Replays
Popular Replays
Top Player Replays
Match Explorer
How It Works
Community
CoH3 Stats
Reddit
Sign in to upload your games and track your stats! →
Sign in with Steam
Match 41698853
Unlisted
Match 41698853
Overview
Messages
Build Orders
End
250 Light Carrier
Panzergrenadier Squad
Panzergrenadier Squad
Construct Light Support Kompanie
Combat Half-tracks
MG34 Team
Selects Panzerjäger Kommand Battlegroup
Selects Mine Fields
Selects Tank Busters
Construct Mechanized Kompanie
2.5-tonne Medical Truck
Support Armor Elements
StuG III D Assault Gun
Vehicle Survival Package
Selects Defensive Positions
Panzerjäger Mechanized Group
254 Reconnaissance Tractor
Emergency Repair Kits
Selects Butterfly Bomb Drop
Marder III Tank Destroyer
Construct Panzerarmee Kommand
Butterfly Bomb Drop
Marder III Tank Destroyer
Selects Crew Shock Tactics
Advanced Optics
Assault Grenadier Squad
Walking Stuka Rocket Launcher
Selects Anti-tank Overwatch
Rapid Advance
Tungsten Core Ammunition
Armored Reserves
Panzer IV Assault Group
2.5-tonne Medical Truck
2.5-tonne Medical Truck
Panzer IV Assault Group
Marder III Tank Destroyer
Anti-tank Overwatch
Tiger Heavy Tank
Quantum Ash
azaza
Funky88
Ranger1408
sergio
ManFrau
0
0
Comments
sign in to comment!
No comments posted yet!